 Dungeon Crawl Stone Soup version 0.22-a0-367-gb72a975701 (webtiles) character file.

276 Execuda the Firebug (level 6, -2/33 HPs)
             Began as a Gargoyle Fire Elementalist on Apr 23, 2018.
             Slain by an orc warrior
             ... wielding a +0 trident
              (15 damage)
             ... on level 4 of the Dungeon.
             The game lasted 00:06:24 (3928 turns).

Execuda the Firebug (Gargoyle Fire Elementalist)    Turns: 3928, Time: 00:06:25

Health: -2/33      AC:  9    Str: 12    XL:     6   Next: 25%
Magic:  0/10       EV: 11    Int: 17    God:
Gold:   136        SH:  0    Dex: 10    Spells: 2/11 levels left

rFire    . . .     SeeInvis .   e - +0 dagger
rCold    . . .     Gourm    .   (no shield)
rNeg     + . .     Faith    +   k - +0 leather armour (curse)
rPois    ∞         Spirit   .   p - +1 helmet
rElec    +         Reflect  .   a - scarf {repulsion}
rCorr    .         Harm     .   (no gloves)
MR       .....                  (no boots)
Stlth    ++........             g - amulet of faith
HPRegen  0.11/turn              (no ring)
MPRegen  0.12/turn              (no ring)

@: repel missiles
A: negative energy resistance 1, electricity resistance, unbreathing,
petrification resistance, rot immunity, AC +4
a: no special abilities


You were on level 4 of the Dungeon.
You were hungry.

You visited 1 branch of the dungeon, and saw 4 of its levels.

You collected 136 gold pieces.

Inventory:

Hand Weapons
 e - a +0 dagger (weapon)
Armour
 a - a scarf of repulsion (worn)
 k - a cursed +0 leather armour (worn)
 p - a +1 helmet (worn)
 s - a +0 shield
Jewellery
 g - an amulet of faith (around neck)
 v - an uncursed ring of flight {unknown}
Scrolls
 l - 2 scrolls of amnesia {unknown}
 m - 2 scrolls of remove curse {unknown}
 o - a scroll of noise {unknown}
 q - a scroll of teleportation {unknown}
 u - a scroll of identify
Potions
 d - 2 potions of lignification
 f - 2 potions of curing
 h - a potion of mutation {unknown}
 i - 3 potions of might
 j - a potion of berserk rage
 n - a potion of haste
 r - a potion of brilliance
 t - a potion of flight {unknown}
Comestibles
 b - a chunk of flesh
 c - 4 rations


   Skills:
 + Level 0.3 Fighting
 + Level 1.2 Armour
 + Level 1.9 Dodging
 - Level 2.1 Stealth
 + Level 3.0 Spellcasting
 * Level 4.0 Conjurations
 * Level 4.5 Fire Magic


You had 2 spell levels left.
You knew the following spells:

 Your Spells              Type           Power        Failure   Level  Hunger
a - Flame Tongue          Conj/Fire      ###..        3%          1    None
b - Conjure Flame         Conj/Fire      ###.....     12%         3    ###....
c - Fireball              Conj/Fire      ###.......   71%         5    ######.


Dungeon Overview and Level Annotations

Branches:
Dungeon (4/15)
 Temple: D:4-7

Altars:
Ashenzari
Kikubaaqudgha


Innate Abilities, Weirdness & Mutations

You are resistant to torment.
Your stone body is resilient. (AC +4)
You are immune to poison.
You resist negative energy. (rN+)
You are resistant to electric shocks. (rElec)
You can survive without breathing.
You are immune to petrification.
You are immune to rotting.


Message History

Aim: an orc warrior, wielding a trident and wearing a plate armour (almost dead)
The flame tongue hits the orc warrior.
The orc warrior is almost dead.
Unknown command.
You barely miss the orc warrior.
The orc warrior is almost dead.
The orc warrior closely misses you.
You hit the orc warrior but do no damage.
The orc warrior is almost dead.
The orc warrior hits you with a trident.
You hit the orc warrior but do no damage.
The orc warrior is almost dead.
The orc warrior hits you with a trident.
You barely miss the orc warrior.
The orc warrior is almost dead.
The orc warrior hits you but does no damage.
You hit the orc warrior but do no damage.
The orc warrior is almost dead.
The orc warrior hits you with a trident!
You die...

......'..# #......#
......#### #......#
.....o# #......#
##...l########## #......#
#....#........# #......#
#..oo#........# #......#
#....#..:.....# #......#
####.#.......o######...###
## #.'......olo@..#8...8#
8######....##########÷..##
......########8###⌠##...#
......# ##...........##
......######8...........8#
8#.........##...........##
##.........##...##⌠###8##
####......##...#### ###
#......#8...8#


You could see an orc warrior, 2 orcs and a frilled lizard.

Vanquished Creatures
  A scorpion (D:3)
  A vampire bat (D:2)
  An orc wizard (D:4)
  Jessica (D:2)
  Robin (D:3)
  2 adders
  2 oozes
  3 worms
  2 dart slugs (D:3)
  2 leopard geckos
  An orc (D:3)
  A ball python (D:1)
  A bat skeleton (D:2)
  4 bat zombies (D:2)
  4 giant cockroaches
  9 hobgoblins
  3 jackals (D:3)
  A quokka (D:2)
  7 bats
  7 frilled lizards
  11 goblins
  8 kobolds
  5 rats
78 creatures vanquished.

Vanquished Creatures (others)
  5 toadstools (D:1)
5 creatures vanquished.

Grand Total: 83 creatures vanquished

Notes
Turn   | Place    | Note
-------+----------+-------------------------------------------
     0 | D:1      | Execuda the Gargoyle Fire Elementalist began the quest for the Orb.
     0 | D:1      | Reached XP level 1. HP: 10/10 MP: 3/3
   152 | D:1      | Reached XP level 2. HP: 12/15 MP: 0/5
   888 | D:1      | Reached XP level 3. HP: 19/19 MP: 2/6
  1222 | D:2      | Learned a level 3 spell: Conjure Flame
  1320 | D:2      | Found an ancient bone altar of Kikubaaqudgha.
  1381 | D:2      | Reached XP level 4. HP: 15/24 MP: 3/7
  1498 | D:2      | Noticed Jessica
  1504 | D:2      | Killed Jessica
  1659 | D:2      | Reached XP level 5. HP: 18/28 MP: 0/9
  1746 | D:2      | Learned a level 5 spell: Fireball
  2256 | D:3      | Found a faded altar of an unknown god.
  2833 | D:3      | Reached skill level 1 in Armour
  2898 | D:3      | Noticed Robin
  2939 | D:3      | Killed Robin
  2939 | D:3      | Reached XP level 6. HP: 15/32 MP: 0/10
  3322 | D:3      | Found a shattered altar of Ashenzari.
  3841 | D:4      | Noticed an orc warrior
  3928 | D:4      | Slain by an orc warrior

Vault maps used:
D:1:      ldierk_walled_garden, kennysheep_flooded_box
D:2:      kennysheep_vampire_church, first_ration, uniq_jessica
D:3:      chequers_ecumenical_altar_grove, nicolae_ashenzari_panopticon,
          uniq_robin
D:4:      serial_corexii_hall, corexii_hall_statues_s, corexii_hall_statues_x,
          corexii_hall_statues_l, corexii_hall_statues_i

Skill      XL: |  1  2  3  4  5  6 |
---------------+-------------------+-----
Conjurations   | 2 3 4 |  4.0
Fire Magic     | 4 |  4.5
Armour         | 1 |  1.2
Spellcasting   | 3 |  3.0
Fighting       | |  0.3
Dodging        | |  1.9
Stealth        | |  2.1

Action                   |  1- 3 |  4- 6 || total
-------------------------+-------+-------++-------
Melee: Unarmed           |    21 |       ||    21
       Dagger            |    49 |   145 ||   194
 Cast: Flame Tongue      |    47 |    74 ||   121
       Conjure Flame     |       |     1 ||     1
  Use: Scroll            |       |     6 ||     6
  Eat: Chunk             |     2 |     8 ||    10
Armor: Robe              |    22 |       ||    22
       Leather armour    |   115 |   129 ||   244
Dodge: Dodged            |   152 |   165 ||   317
       Deflected         |       |     3 ||     3

Table legend:
 A = Spawn XP
 B = Non-spawn XP
 C = Spawn XP percentage of total XP
 D = Spawn monster count
 E = Non-spawn monster count
 F = Spawn count percentage of total count
 G = Total turns spent on level
                    A         B        C        D         E        F      G
               +---------+---------+-------+---------+---------+-------+---------
         Total |       0 |     395 |   0.0 |       0 |      78 |   0.0 |  3928
               +---------+---------+-------+---------+---------+-------+---------
           D:1 |       0 |      37 |   0.0 |       0 |      21 |   0.0 |  1049
           D:2 |       0 |     138 |   0.0 |       0 |      26 |   0.0 |  1077
           D:3 |       0 |     160 |   0.0 |       0 |      27 |   0.0 |  1441
           D:4 |       0 |      60 |   0.0 |       0 |       4 |   0.0 |   361
               +---------+---------+-------+---------+---------+-------+---------
